[Event "12th National Amateur Chess-ch 2025"]
[Site "Bihar"]
[Date "2025.03.25"]
[Round "1.1"]
[White "Anadkat Kartavya"]
[Black "Shreyas Mishra"]
[Result "1-0"]
[Annotator "NA RC"]
[ECO "B12"]
[WhiteElo "2175"]
[BlackElo "1789"]
[PlyCount "61"]
[EventDate "2025.03.25"]
[EventCountry "IND"]
[SourceTitle "playchess.com"]
[Source "ChessBase"]
[SourceQuality "1"]
[TimeControl "5400+30"]

1. e4 c6 2. d4 d5 3. e5 Bf5 4. h4 h5 5. Bg5 Qb6 6. Bd3 Qxd4 7. Nf3 Qg4 8. Bxf5 Qxf5 9. c4 Qe4+ 10. Be3 e6 11. cxd5 Qxd5 12. Qc2 Bb4+ 13. Nc3 Ne7 14. O-O Bxc3 15. bxc3 O-O 16. Rad1 Qa5 17. Bg5 Nf5 18. Rfe1 c5 19. Re4 Qc7 20. g4 hxg4 21. Rxg4 Kh8 22. Qe2 Nc6 23. Rg2 f6 24. exf6 gxf6 25. Qxe6 fxg5 26. Rd7 Nd8 27. Qd5 Qc6 28. Qe5+ Qf6 29. Rxg5 Nc6 30. Rh5+ Nh6 31. Rxh6+ 1-0

[Event "12th National Amateur Chess-ch 2025"]
[Site "Bihar"]
[Date "2025.03.25"]
[Round "1.2"]
[White "Sanjay Ganesh Pandi"]
[Black "Sham R"]
[Result "1-0"]
[Annotator "NA RC"]
[ECO "A41"]
[WhiteElo "1781"]
[BlackElo "2128"]
[PlyCount "127"]
[EventDate "2025.03.25"]
[EventCountry "IND"]
[SourceTitle "playchess.com"]
[Source "ChessBase"]
[SourceQuality "1"]
[TimeControl "5400+30"]

1. d4 d6 2. Bf4 Bg4 3. Nf3 Nd7 4. Nbd2 c5 5. e3 Ngf6 6. h3 Bh5 7. Be2 Rc8 8. c3 h6 9. O-O g5 10. Bg3 Bg7 11. h4 cxd4 12. exd4 Bg6 13. hxg5 hxg5 14. Nxg5 Nh5 15. Bh2 e5 16. Nh3 Nf4 17. Bxf4 exf4 18. Bg4 Qh4 19. Re1+ Kd8 20. Bxd7 Kxd7 21. Nf3 Qf6 22. Ne5+ Kc7 23. Nxg6 fxg6 24. Qg4 Rh4 25. Qe6 Rch8 26. Qe7+ Kc6 27. Qxf6 Bxf6 28. f3 g5 29. Nf2 Kd7 30. Ng4 Bd8 31. Kf2 b5 32. a4 bxa4 33. Rxa4 Bb6 34. Nf6+ Kc6 35. Rc4+ Kb5 36. b3 R4h6 37. Nd7 Bd8 38. Rb4+ Kc6 39. Nb8+ Kc7 40. Ra1 d5 41. Rxa7+ Kc8 42. Na6 Bb6 43. Rxb6 Rxb6 44. Ra8+ Kb7 45. Rxh8 Kxa6 46. Rc8 Rxb3 47. Rc5 Rb2+ 48. Kg1 Rb5 49. Rc6+ Rb6 50. Rxb6+ Kxb6 51. Kf2 Kb5 52. Ke2 Ka4 53. Kd2 Ka5 54. Kc2 Ka6 55. Kb3 Kb5 56. c4+ Kc6 57. cxd5+ Kxd5 58. Kc3 Ke6 59. Kc4 g4 60. Kc5 gxf3 61. gxf3 Kf6 62. d5 Kg5 63. d6 Kh4 64. Kd4 1-0

[Event "12th National Amateur Chess-ch 2025"]
[Site "Bihar"]
[Date "2025.03.25"]
[Round "1.3"]
[White "Daksh Goyal"]
[Black "Rishen Jilowa"]
[Result "1-0"]
[Annotator "NA RC"]
[ECO "B95"]
[WhiteElo "2079"]
[BlackElo "1779"]
[PlyCount "111"]
[EventDate "2025.03.25"]
[EventCountry "IND"]
[SourceTitle "playchess.com"]
[Source "ChessBase"]
[SourceQuality "1"]
[TimeControl "5400+30"]

1. e4 c5 2. Nf3 d6 3. d4 cxd4 4. Nxd4 Nf6 5. Nc3 a6 6. Qd3 e6 7. Be2 Be7 8. Bg5 O-O 9. f4 Qc7 10. Bf3 Bd7 11. O-O-O Nc6 12. g4 Rac8 13. h4 Nb4 14. Qd2 Qa5 15. Kb1 Rxc3 16. Qxc3 Qxa2+ 17. Kc1 Qa5 18. Kb1 Qa2+ 19. Kc1 Qa5 20. Qb3 Rc8 21. c3 Ba4 22. Qa3 d5 23. Kb1 dxe4 24. Bxf6 gxf6 25. Bxe4 Nd5 26. Qa2 Qb6 27. Bxd5 Bxd1 28. Bxe6 fxe6 29. Rxd1 Rxc3 30. Nxe6 Rc8 31. Nd4+ Kh8 32. Qf7 Qb4 33. h5 Rf8 34. Qb3 Rd8 35. Qxb4 Bxb4 36. Kc2 Kg8 37. Kd3 Bc5 38. Kc4 Ba7 39. Rd3 Rc8+ 40. Kb3 Rd8 41. Kc3 Rc8+ 42. Kd2 Bxd4 43. Rxd4 Rc7 44. Rd8+ Kf7 45. Ke3 Ke6 46. Rh8 Kd5 47. h6 Ke6 48. Kd3 Kd5 49. Rg8 Ke6 50. f5+ Ke5 51. Rg7 Kd6 52. Kd4 Rd7 53. Ke4 Kc6 54. g5 fxg5 55. f6 Rd6 56. Kf5 1-0

[Event "12th National Amateur Chess-ch 2025"]
[Site "Bihar"]
[Date "2025.03.25"]
[Round "1.4"]
[White "Manav Kumar"]
[Black "Utkrisht Tuli"]
[Result "1/2-1/2"]
[Annotator "NA RC"]
[ECO "A13"]
[WhiteElo "1777"]
[BlackElo "2020"]
[PlyCount "150"]
[EventDate "2025.03.25"]
[EventCountry "IND"]
[SourceTitle "playchess.com"]
[Source "ChessBase"]
[SourceQuality "1"]
[TimeControl "5400+30"]

1. Nf3 d5 2. e3 Nf6 3. c4 e6 4. Nc3 Be7 5. b3 O-O 6. Bb2 c5 7. cxd5 exd5 8. d4 Nc6 9. Be2 Bg4 10. O-O Bxf3 11. Bxf3 cxd4 12. exd4 Qd7 13. Rc1 Rfd8 14. Na4 b6 15. Be2 Na5 16. Bd3 Bd6 17. Qf3 Re8 18. Nc3 Nc6 19. Nb5 Bf8 20. Bf5 Qb7 21. Qc3 Re2 22. Ba3 Bxa3 23. Qxc6 Qxc6 24. Rxc6 Bb2 25. Rd1 Ne4 26. Bxe4 Rxe4 27. Rc2 a6 28. f3 Rf4 29. Nc7 Rc8 30. Rxb2 Rxc7 31. Re2 g6 32. Re5 Rd7 33. Kf2 Kg7 34. g3 Rf6 35. Rc1 a5 36. Rc8 h5 37. h4 Rfd6 38. g4 hxg4 39. fxg4 Rd8 40. Rc7 R8d7 41. Rc3 Rf6+ 42. Kg3 Rf1 43. Re8 Rg1+ 44. Kf3 Rf1+ 45. Kg3 Rg1+ 46. Kh3 Rh1+ 47. Kg3 Rg1+ 48. Kf3 Rf1+ 49. Kg2 Rf4 50. Kg3 Rf1 51. g5 f6 52. Rcc8 fxg5 53. Rg8+ Kh7 54. Rh8+ Kg7 55. Rcg8+ Kf7 56. Rf8+ Kg7 57. Rxf1 Kxh8 58. hxg5 Rd6 59. Rf7 Kg8 60. Rb7 Kf8 61. a3 Re6 62. Kf3 Ke8 63. b4 axb4 64. axb4 Kd8 65. b5 Ke8 66. Rc7 Kd8 67. Rb7 Ke8 68. Kf4 Re4+ 69. Kf3 Re6 70. Kg3 Kd8 71. Kf2 Kc8 72. Rf7 Kd8 73. Kf3 Ke8 74. Rg7 Kd8 75. Ra7 Ke8 1/2-1/2

[Event "12th National Amateur Chess-ch 2025"]
[Site "Bihar"]
[Date "2025.03.25"]
[Round "1.5"]
[White "Pradeep Tiwari"]
[Black "Aarush Bhat"]
[Result "1/2-1/2"]
[Annotator "NA RC"]
[ECO "D02"]
[WhiteElo "1979"]
[BlackElo "1766"]
[PlyCount "92"]
[EventDate "2025.03.25"]
[EventCountry "IND"]
[SourceTitle "playchess.com"]
[Source "ChessBase"]
[SourceQuality "1"]
[TimeControl "5400+30"]

1. Nf3 Nf6 2. g3 d5 3. d4 c5 4. Bg2 Nc6 5. O-O e6 6. b3 Bd6 7. Bb2 O-O 8. Nbd2 Re8 9. c4 cxd4 10. cxd5 Nxd5 11. Nxd4 Nxd4 12. Bxd4 Be7 13. Nc4 Bf6 14. e4 Nb4 15. Bxf6 Qxf6 16. e5 Qe7 17. Qd6 Bd7 18. Bxb7 Rab8 19. Be4 Bb5 20. Rfc1 Bxc4 21. Qxe7 Rxe7 22. Rxc4 Rd7 23. a3 Nd5 24. b4 Nb6 25. Rc2 Rd4 26. Bf3 Nc4 27. Be2 Nxe5 28. Rc7 Rd2 29. Rac1 g5 30. R1c2 Rbd8 31. h3 R8d7 32. Kf1 Kf8 33. Rxd7 Rxd7 34. Rc5 Rd5 35. Rc7 Rd7 36. Rc8+ Kg7 37. Rc5 Kf6 38. Ke1 h5 39. Rc3 g4 40. h4 Ke7 41. Rc5 Kf6 42. Rc3 Ke7 43. Rc5 Kf6 44. Rc3 Ke7 45. Rc5 Kf6 46. Rc3 Ke7 1/2-1/2

[Event "12th National Amateur Chess-ch 2025"]
[Site "Bihar"]
[Date "2025.03.25"]
[Round "1.6"]
[White "Bhupendra, Kumar"]
[Black "Ebenezer, Joseph"]
[Result "0-1"]
[Annotator "NA RC"]
[ECO "C02"]
[WhiteElo "1764"]
[BlackElo "1961"]
[PlyCount "98"]
[EventDate "2025.03.25"]
[EventCountry "IND"]
[SourceTitle "playchess.com"]
[Source "ChessBase"]
[SourceQuality "1"]
[TimeControl "5400+30"]

1. e4 e6 2. d4 d5 3. e5 c5 4. c3 Nc6 5. Nf3 Qb6 6. a3 c4 7. g3 Bd7 8. Bh3 Na5 9. Nbd2 Ne7 10. Ng5 h6 11. Ngf3 Nb3 12. Nxb3 Ba4 13. Nfd2 g6 14. O-O h5 15. f4 Nf5 16. Bxf5 gxf5 17. h4 Be7 18. Kf2 O-O-O 19. Rh1 Rdg8 20. Qe2 cxb3 21. Nf3 Rg4 22. c4 dxc4 23. Qxc4+ Qc6 24. Qxc6+ Bxc6 25. Rh3 Kd7 26. Be3 Be4 27. Nd2 Bd5 28. Rc1 Rgg8 29. Nf3 Rc8 30. Rhh1 Be4 31. a4 b6 32. Rhd1 Rxc1 33. Rxc1 Rc8 34. Rxc8 Kxc8 35. Bd2 Kb7 36. a5 bxa5 37. Bxa5 Ka6 38. Bc3 Bxf3 39. Kxf3 Kb5 40. Ke3 Kc4 41. Ke2 Bd8 42. Kd2 Bb6 43. Ke3 a5 44. g4 fxg4 45. Ke4 a4 46. f5 exf5+ 47. Kxf5 g3 48. Be1 g2 49. Bf2 Bxd4 0-1

[Event "12th National Amateur Chess-ch 2025"]
[Site "Bihar"]
[Date "2025.03.25"]
[Round "1.8"]
[White "Amrit Raunak"]
[Black "Ashutosh, Kumar"]
[Result "0-1"]
[Annotator "NA RC"]
[ECO "B23"]
[WhiteElo "1748"]
[BlackElo "1923"]
[PlyCount "138"]
[EventDate "2025.03.25"]
[EventCountry "IND"]
[SourceTitle "playchess.com"]
[Source "ChessBase"]
[SourceQuality "1"]
[TimeControl "5400+30"]

1. e4 c5 2. Nc3 Nc6 3. f4 g6 4. Nf3 Bg7 5. Bb5 Nd4 6. O-O a6 7. Bc4 e6 8. a4 Ne7 9. e5 d5 10. exd6 Nef5 11. Ne4 Nxd6 12. Nxd6+ Qxd6 13. d3 b6 14. c3 Nc6 15. Ng5 O-O 16. Qf3 h6 17. Ne4 Qc7 18. Qh3 f5 19. Nd2 Bd7 20. Nf3 Na5 21. Ba2 Rae8 22. Ne5 Rf6 23. b4 Nc6 24. bxc5 bxc5 25. Qg3 Kh7 26. Nxd7 Qxd7 27. Bc4 Qc8 28. Be3 Na5 29. Ba2 Rff8 30. Rac1 Qc6 31. Qf2 Rc8 32. Qc2 Rfe8 33. Rce1 c4 34. dxc4 Nxc4 35. Bd4 e5 36. fxe5 Nxe5 37. Qd1 Rcd8 38. Rf2 Ng4 39. Rxe8 Rxe8 40. Rd2 Qxa4 41. Bxg7 Qf4 42. g3 Qe3+ 43. Kg2 Kxg7 44. Rd7+ Kh8 45. Rd2 Qxc3 46. Kh3 Ne3 47. Qa4 Qe5 48. Qxa6 Qa1 49. Rd6 Qb2 50. Rd2 Qa1 51. Rd6 Qg1 52. Rd2 Qf1+ 53. Qxf1 Nxf1 54. Rf2 Re1 55. Bc4 Ne3 56. Re2 Rxe2 57. Bxe2 Kg7 58. Kh4 g5+ 59. Kh3 Kg6 60. g4 f4 61. Bf3 Kf6 62. Be2 Ke5 63. Bf3 Kd4 64. Bb7 Kc3 65. Be4 Kd2 66. Bf3 Ke1 67. Bc6 Kf2 68. Bb7 Kg1 69. Ba6 Nd1 0-1

[Event "12th National Amateur Chess-ch 2025"]
[Site "Bihar"]
[Date "2025.03.25"]
[Round "1.9"]
[White "Advik Kumar"]
[Black "Prem Kumar"]
[Result "0-1"]
[Annotator "NA RC"]
[ECO "B09"]
[WhiteElo "1459"]
[BlackElo "1697"]
[PlyCount "110"]
[EventDate "2025.03.25"]
[EventCountry "IND"]
[SourceTitle "playchess.com"]
[Source "ChessBase"]
[SourceQuality "1"]
[TimeControl "5400+30"]

1. e4 d6 2. d4 Nf6 3. Nc3 g6 4. f4 Bg7 5. Nf3 c5 6. dxc5 Qa5 7. Bd3 Qxc5 8. Qe2 Nc6 9. Be3 Qb4 10. O-O-O O-O 11. a3 Qa5 12. h3 Nh5 13. Qe1 Rb8 14. g4 Nf6 15. Nb5 Qd8 16. Nxa7 Nxa7 17. Bxa7 Ra8 18. Be3 Nd7 19. e5 dxe5 20. fxe5 Qc7 21. Bd4 Nc5 22. Qc3 b6 23. b4 Bb7 24. Rhf1 Nxd3+ 25. Rxd3 Qb8 26. Rd2 Qa7 27. Kb2 Qa6 28. Rdf2 Bd5 29. Nd2 Rfc8 30. Qd3 b5 31. h4 Qa4 32. Ra1 Be6 33. Ne4 Rc4 34. Nc5 Rxb4+ 35. Kc1 Rxd4 36. Nxa4 Rxd3 37. cxd3 Rxa4 38. Rb1 Bxe5 39. Rxb5 Bd4 40. Rc2 Rxa3 41. Kd2 Bxg4 42. Rb4 e5 43. Rb8+ Kg7 44. Rc7 Ra2+ 45. Kc1 Rh2 46. Rbb7 Be6 47. Re7 Kf6 48. Kd1 Rxh4 49. Ke1 Rh2 50. Kf1 h5 51. Rec7 h4 52. Rc6 h3 53. Rc1 Rf2+ 54. Kg1 h2+ 55. Kh1 Bd5# 0-1

[Event "12th National Amateur Chess-ch 2025"]
[Site "Bihar"]
[Date "2025.03.25"]
[Round "1.10"]
[White "Shahan Abu Sayeed"]
[Black "Manas"]
[Result "1-0"]
[Annotator "NA RC"]
[ECO "B45"]
[WhiteElo "1691"]
[BlackElo "1459"]
[PlyCount "133"]
[EventDate "2025.03.25"]
[EventCountry "IND"]
[SourceTitle "playchess.com"]
[Source "ChessBase"]
[SourceQuality "1"]
[TimeControl "5400+30"]

1. e4 c5 2. Nf3 e6 3. d4 cxd4 4. Nxd4 Nc6 5. Nxc6 bxc6 6. Nc3 Bb4 7. Qd4 Bxc3+ 8. Qxc3 Qf6 9. Qc5 Qe7 10. Be3 Nf6 11. Qxe7+ Kxe7 12. f3 Re8 13. Bc5+ d6 14. Ba3 c5 15. e5 Nd5 16. Bb5 Bd7 17. Bxd7 Kxd7 18. O-O-O Rac8 19. exd6 Rc6 20. Rhe1 Rxd6 21. Bxc5 Rc6 22. Ba3 Rec8 23. c3 Kc7 24. Re4 Rb8 25. Rd3 g5 26. Red4 Rbb6 27. Kd1 Ra6 28. c4 Nf6 29. Be7 Ne8 30. c5 Kb7 31. a3 f6 32. h4 gxh4 33. Rxh4 Rc7 34. Bd8 Rg7 35. b4 Rc6 36. g4 e5 37. Rh2 Kc8 38. Ba5 Nc7 39. Bxc7 Rcxc7 40. Ke2 Rcd7 41. Rxd7 Rxd7 42. Ke3 Kc7 43. Rh6 Rf7 44. Ke4 Kd7 45. Kf5 Ke7 46. c6 Kd6 47. Rxf6+ Rxf6+ 48. Kxf6 Kxc6 49. Kxe5 Kb5 50. f4 Ka4 51. f5 Kxa3 52. f6 Kxb4 53. f7 a5 54. f8=Q+ Kb3 55. Qg8+ Kb2 56. Qxh7 a4 57. g5 a3 58. g6 a2 59. Qh2+ Kb1 60. Qxa2+ Kxa2 61. g7 Ka3 62. g8=Q Kb4 63. Qc8 Ka3 64. Qb7 Ka4 65. Kd4 Ka3 66. Kc3 Ka2 67. Qb2# 1-0

[Event "12th National Amateur Chess-ch 2025"]
[Site "Bihar"]
[Date "2025.03.25"]
[Round "1.11"]
[White "Jashn Ranjan"]
[Black "Akash Srivastav"]
[Result "0-1"]
[Annotator "NA RC"]
[ECO "B22"]
[WhiteElo "1457"]
[BlackElo "1689"]
[PlyCount "90"]
[EventDate "2025.03.25"]
[EventCountry "IND"]
[SourceTitle "playchess.com"]
[Source "ChessBase"]
[SourceQuality "1"]
[TimeControl "5400+30"]

1. e4 c5 2. Nf3 Nc6 3. c3 e6 4. d4 d5 5. exd5 Qxd5 6. Be3 cxd4 7. Nxd4 a6 8. Qf3 Nxd4 9. Bxd4 Qxf3 10. gxf3 Bd7 11. Nd2 Ne7 12. O-O-O Nf5 13. Bb6 Bc6 14. Rg1 g6 15. Ne4 Bh6+ 16. Kc2 O-O 17. Be2 a5 18. Ng3 Nh4 19. Rd3 e5 20. Bc5 Rfe8 21. Be3 Bxe3 22. Rxe3 Kf8 23. Bd3 Nxf3 24. Rd1 Nxh2 25. Be4 Ng4 26. Re2 Rac8 27. f3 Nf6 28. Bxc6 Rxc6 29. Ne4 Nxe4 30. Rxe4 b6 31. Rde1 Rce6 32. Kb3 f5 33. R4e2 Kf7 34. Rh1 h5 35. Kc4 Rc8+ 36. Kb5 Rc5+ 37. Ka4 Kf6 38. b4 Rxc3 39. bxa5 bxa5 40. Kxa5 Rxf3 41. a4 Rb3 42. Rd2 e4 43. Rf2 Re8 44. Rxf5+ gxf5 45. Rb1 Ra8# 0-1

[Event "12th National Amateur Chess-ch 2025"]
[Site "Bihar"]
[Date "2025.03.25"]
[Round "1.12"]
[White "Tejas Shandilya"]
[Black "Javin Jayaswal"]
[Result "1-0"]
[Annotator "NA RC"]
[ECO "E17"]
[WhiteElo "1675"]
[BlackElo "1454"]
[PlyCount "125"]
[EventDate "2025.03.25"]
[EventCountry "IND"]
[SourceTitle "playchess.com"]
[Source "ChessBase"]
[SourceQuality "1"]
[TimeControl "5400+30"]

1. d4 Nf6 2. Nf3 e6 3. g3 d5 4. Bg2 Nbd7 5. O-O Be7 6. b3 O-O 7. Bb2 b6 8. Nbd2 Bb7 9. c4 c5 10. e3 Re8 11. Ne5 Nxe5 12. dxe5 Ne4 13. Nxe4 dxe4 14. Qc2 Qc7 15. Bxe4 g6 16. Rad1 Bf8 17. Rd2 Rad8 18. Rfd1 Rxd2 19. Rxd2 Bxe4 20. Qxe4 Rd8 21. Qc2 Bg7 22. Rxd8+ Qxd8 23. f4 f6 24. exf6 Bxf6 25. Bxf6 Qxf6 26. Qd2 Qa1+ 27. Kg2 Qb1 28. Kf3 Qh1+ 29. Kg4 Qe4 30. Qd8+ Kf7 31. Qd7+ Kg8 32. Qd2 Qf5+ 33. Kf3 Qh5+ 34. Kg2 Qf5 35. Qd8+ Kf7 36. Qd7+ Kg8 37. Qd2 Qe4+ 38. Kh3 Qf5+ 39. g4 Qb1 40. Kh4 Qa1 41. Kg5 h6+ 42. Kxg6 Qg7+ 43. Kh5 Kh7 44. Qd3+ Kh8 45. Qg6 Qe7 46. Qxh6+ Kg8 47. Qg5+ Kf7 48. Qxe7+ Kxe7 49. Kg6 a6 50. h4 b5 51. h5 a5 52. h6 a4 53. cxb5 c4 54. bxc4 e5 55. fxe5 a3 56. h7 Ke6 57. h8=Q Kd7 58. c5 Kc7 59. e6 Kb7 60. e7 Kc7 61. e8=Q Kb7 62. Qa8+ Kc7 63. Qhc8# 1-0

[Event "12th National Amateur Chess-ch 2025"]
[Site "Bihar"]
[Date "2025.03.25"]
[Round "1.13"]
[White "Bristy Mukherjee"]
[Black "Bhillva Nilaya Kondari Eswara "]
[Result "1-0"]
[Annotator "NA RC"]
[ECO "D02"]
[WhiteElo "1985"]
[BlackElo "1723"]
[PlyCount "43"]
[EventDate "2025.03.25"]
[EventCountry "IND"]
[SourceTitle "playchess.com"]
[Source "ChessBase"]
[SourceQuality "1"]
[TimeControl "5400+30"]

1. d4 d5 2. Bf4 Nf6 3. e3 c5 4. Nf3 e6 5. c3 Bd6 6. Ne5 O-O 7. Bd3 Nc6 8. Nd2 Qc7 9. Ndf3 g6 10. h4 Nd7 11. Bh6 Re8 12. Nxf7 Kxf7 13. Ng5+ Kg8 14. h5 Ne7 15. hxg6 hxg6 16. Qf3 Bf4 17. Nxe6 Qd6 18. Nxf4 cxd4 19. cxd4 Nb6 20. Bg5 Nf5 21. g4 Nxd4 22. Qh3 1-0

[Event "12th National Amateur Chess-ch 2025"]
[Site "Bihar"]
[Date "2025.03.25"]
[Round "1.14"]
[White "Smaraki, Mohanty"]
[Black "Nivedita V C"]
[Result "0-1"]
[Annotator "NA RC"]
[ECO "A25"]
[WhiteElo "1721"]
[BlackElo "1950"]
[PlyCount "62"]
[EventDate "2025.03.25"]
[EventCountry "IND"]
[SourceTitle "playchess.com"]
[Source "ChessBase"]
[SourceQuality "1"]
[TimeControl "5400+30"]

1. c4 e5 2. Nc3 Nc6 3. g3 g6 4. Bg2 Bg7 5. e3 d6 6. Nge2 Be6 7. b3 Nge7 8. d4 exd4 9. Nxd4 Nxd4 10. exd4 O-O 11. Bb2 d5 12. c5 b6 13. cxb6 axb6 14. O-O h5 15. Ne2 Bg4 16. h3 Bxe2 17. Qxe2 Nf5 18. Qd2 Re8 19. a4 Qf6 20. Rab1 Rad8 21. Rfd1 Rd6 22. b4 Rde6 23. Bxd5 Re2 24. Qd3 Qd6 25. Qb3 R8e3 26. Bxf7+ Kh8 27. Qd5 Rxg3+ 28. Kf1 Rxf2+ 29. Ke1 Rg1+ 30. Kxf2 Qg3+ 31. Ke2 Qe3# 0-1

[Event "12th National Amateur Chess-ch 2025"]
[Site "Bihar"]
[Date "2025.03.25"]
[Round "1.15"]
[White "Diya Chowdhury"]
[Black "Suravi Bhattacharya"]
[Result "1/2-1/2"]
[Annotator "NA RC"]
[ECO "C11"]
[WhiteElo "1939"]
[BlackElo "1718"]
[PlyCount "88"]
[EventDate "2025.03.25"]
[EventCountry "IND"]
[SourceTitle "playchess.com"]
[Source "ChessBase"]
[SourceQuality "1"]
[TimeControl "5400+30"]

1. e4 e6 2. Nf3 d5 3. Nc3 Nf6 4. e5 Nfd7 5. d4 c5 6. dxc5 Nc6 7. Bf4 Bxc5 8. Bd3 f6 9. exf6 Nxf6 10. O-O O-O 11. Bg3 a6 12. Qe2 Nh5 13. Rad1 Nxg3 14. hxg3 Qf6 15. Na4 Nd4 16. Nxd4 Bxd4 17. Bxh7+ Kh8 18. Qh5 Bxf2+ 19. Rxf2 Qxf2+ 20. Kh2 Qe3 21. Nb6 Rb8 22. Rd3 Qh6 23. Qxh6 gxh6 24. Bg6 Kg7 25. Bh5 Rd8 26. Rf3 Rf8 27. Rc3 d4 28. Rc7+ Kf6 29. Bg4 Rg8 30. Bh3 Rg7 31. Rc4 Bd7 32. Rxd4 Bc6 33. Rd6 Re8 34. a4 Ke5 35. Nc4+ Kf6 36. Nb6 Ke5 37. Nc4+ Kf6 38. Nb6 Ke5 39. Rd2 Kf6 40. Rd6 Ke5 41. Rd2 Kf6 42. Rd6 Ke5 43. Nc4+ Kf6 44. Nb6 Ke5 1/2-1/2

[Event "12th National Amateur Chess-ch 2025"]
[Site "Bihar"]
[Date "2025.03.25"]
[Round "1.16"]
[White "Vitasta Koul"]
[Black "Aamuktha Guntaka"]
[Result "0-1"]
[Annotator "NA RC"]
[ECO "B92"]
[WhiteElo "1708"]
[BlackElo "1910"]
[PlyCount "84"]
[EventDate "2025.03.25"]
[EventCountry "IND"]
[SourceTitle "playchess.com"]
[Source "ChessBase"]
[SourceQuality "1"]
[TimeControl "5400+30"]

1. e4 c5 2. Nc3 a6 3. Nf3 d6 4. d4 cxd4 5. Nxd4 Nf6 6. Be2 e5 7. Nb3 Be7 8. Be3 Be6 9. O-O O-O 10. h3 Nbd7 11. f4 exf4 12. Bxf4 Ne5 13. Qd4 Qc7 14. Kh1 Rac8 15. Nd2 Rfe8 16. Rad1 Nfd7 17. Nf3 Nxf3 18. Rxf3 Ne5 19. Bxe5 dxe5 20. Qf2 Bc5 21. Qh4 Bd4 22. Rg3 g6 23. Qh6 Qe7 24. Qd2 Qh4 25. Rd3 Bc4 26. Rf3 Bxc3 27. Rxc3 Rcd8 28. Qe1 Rxd1 29. Qxd1 Rd8 30. Qf1 Be6 31. Bd3 Rd7 32. Kh2 Kg7 33. g3 Qg5 34. Qe1 h5 35. Qe2 Qc1 36. b3 h4 37. Qf2 hxg3+ 38. Kxg3 Qa1 39. Qd2 Qg1+ 40. Kh4 f6 41. Rc8 g5+ 42. Kh5 Bf7# 0-1

[Event "12th National Amateur Chess-ch 2025"]
[Site "Bihar"]
[Date "2025.03.27"]
[Round "4.1"]
[White "Vidit Sethi"]
[Black "Anadkat Kartavya"]
[Result "1-0"]
[Annotator "TA"]
[ECO "E70"]
[WhiteElo "1832"]
[BlackElo "2175"]
[PlyCount "55"]
[EventDate "2025.03.25"]
[EventCountry "IND"]
[SourceTitle "playchess.com"]
[Source "ChessBase"]
[SourceQuality "1"]
[TimeControl "5400+30"]

1. d4 g6 2. c4 Bg7 3. Nc3 Nf6 4. e4 d6 5. Bd3 Nc6 6. Nge2 e5 7. d5 Nd4 8. Nxd4 exd4 9. Ne2 O-O 10. O-O Re8 11. f3 c5 {[%emt 0:01:21] 11...Nd7 is the fancy move.} 12. Bg5 a6 {[%emt 0:09:15] E70: King's Indian: Miscellaneous lines with 4 e4, including 5 Nge2 and 5 Bd3 0-0 6 Nge2.} 13. Rb1 $146 ({Predecessor:} 13. Qd2 Qc7 14. b3 Nd7 15. f4 Nf6 16. Bxf6 Bxf6 17. Kh1 b5 18. Ng1 bxc4 19. bxc4 Rb8 20. Rae1 {½-½ Yu,Y (2738)-Amin,B (2707) Danzhou 10th 2019 (6)}) 13... Qc7 14. h3 Nd7 {[%emt 0:04:21] The position is equal.} 15. f4 {[%emt 0:01:05] Prevents Ne5.} b5 16. b3 a5 (16... b4 $11) 17. cxb5 $16 {[%emt 0:02:43][%csl Ob5] White has a strong passed pawn} a4 18. Qc2 Nb6 19. f5 axb3 20. axb3 (20. Rxb3 c4 21. f6 Bh8 $11) 20... Be5 {[%emt 0:08:20] [#]} (20... gxf5 $142 21. exf5 h6) 21. fxg6 ({White should try} 21. f6 $1) 21... fxg6 22. Rf3 Bd7 {[%emt 0:03:19] A mistake that costs the game.} (22... Bg7 $1 $14) 23. Rbf1 $18 Rf8 {[%emt 0:00:06] [#]} 24. Nf4 $1 Rae8 (24... Bg7 $142 25. Qf2 (25. Ne6 Bxe6 26. Rxf8+ Rxf8 $18) 25... Rae8) 25. Qf2 {[%emt 0:02:53][%cal Of4e6] Ne6! would now be deadly.} ({Resist} 25. Ne6 Bxe6 26. Rxf8+ (26. dxe6 Rxf3 27. Rxf3 Rxe6 $18) 26... Rxf8 $18) 25... Bg7 26. Be7 Bxb5 $2 ({Much weaker is} 26... Rxe7 27. Nxg6 Rxf3 28. Nxe7+ Kf7 29. Qxf3+ $18) (26... Bc8) 27. Bxf8 Bxd3 28. Nxd3 {[%emt 0:00:20] Weighted Error Value: White=0.06 (flawless) /Black=0.92  Mistake:       	White=1     	Black=5      Inaccurate:     	---       	Black=1      OK:         	White=4     	Black=6      Best:        	White=5     	---        Strong:       	White=1     	---} 1-0

[Event "12th National Amateur Chess-ch 2025"]
[Site "Bihar"]
[Date "2025.03.27"]
[Round "4.2"]
[White "Pratiyush Kumar"]
[Black "Ayaan Garg"]
[Result "0-1"]
[Annotator "TA"]
[ECO "D02"]
[WhiteElo "1817"]
[BlackElo "1983"]
[PlyCount "80"]
[EventDate "2025.03.25"]
[EventCountry "IND"]
[SourceTitle "playchess.com"]
[Source "ChessBase"]
[SourceQuality "1"]
[TimeControl "5400+30"]

1. d4 d5 2. Bf4 c5 3. e3 Nf6 4. c3 Nc6 5. Nd2 e6 6. Ngf3 Bd6 7. Bg3 O-O 8. Bd3 b6 9. Qe2 {[%emt 0:00:20] D02: 1 d4 d5 2 Nf3 sidelines, including 2...Nf6 3 g3 and 2...Nf6 3 Bf4.} Bb7 10. Rd1 Re8 {[%emt 0:22:26] 10...Ne7 is the modern continuation.} 11. e4 {[%emt 0:02:35] [#] e5 is the strong threat. The position is equal.} Be7 12. e5 Nh5 13. a3 g6 (13... c4 $17 14. Bb1 b5) 14. Nf1 $11 cxd4 15. cxd4 Rc8 $146 (15... f6 $11) ({Predecessor:} 15... f5 16. exf6 Bxf6 17. Ne3 e5 18. dxe5 Nxg3 19. hxg3 Nxe5 20. Nxe5 Rxe5 21. O-O Qe7 {0-1 Abdyzhapar,A (1956)-Delchev,A (2543) Online Olym Div2 A rapid 2020 (4.1)}) 16. Ne3 $14 b5 17. Ng4 (17. Bxb5 $11 Qa5+ 18. Rd2) 17... Qa5+ $1 $15 {[%emt 0:00:54] Black plays on the queen side and is better} 18. Kf1 b4 19. Qe3 bxa3 (19... Nxg3+ 20. hxg3 Qa4 (20... bxa3 $2 21. Qh6 $18) 21. Ke1 bxa3 22. Qh6 Qb4+ (22... Nxd4 23. Qxh7+ Kf8 24. Qh8#) 23. Rd2 (23. Kf1 Bd8 24. Nf6+ Bxf6 25. exf6 Qe1+ 26. Rxe1 axb2 27. Qg7#)) 20. bxa3 Qxa3 (20... Nxg3+ 21. hxg3 Qa4 22. Nh6+ Kf8 23. Rb1 $16) 21. Qh6 (21. Bh4 $17) 21... Qb3 22. Ne3 (22. Qd2 $142 Nb4 23. Bb5) 22... Nb4 23. Be2 Bf8 24. Qg5 Nc2 25. Nd2 Nxe3+ 26. fxe3 Qc3 27. Bxh5 Be7 $36 {[%emt 0:01:22][%mdl 2048] Black is in control.} 28. Qf4 gxh5 29. Kf2 Qd3 {[%emt 0:05:40] Black is more active.} 30. Qf3 $2 (30. Rhf1 $17 {was called for.}) 30... Rc2 $19 31. Qe2 Qxe2+ 32. Kxe2 {[%emt 0:00:05][%cal Bf2e2,Be2f3,Bf3f4,Bf4g5,Bg5h5][%mdl 32] White is weak on the light squares} Ba6+ 33. Kf3 Bb4 34. Ra1 Bd3 35. Nb3 Be4+ {[%emt 0:00:15] A strong pair of Bishops.} 36. Kf4 Bf8 37. Kg5 {[%emt 0:01:30] Prevents Bh6+.} Be7+ 38. Kxh5 Kg7 ({Much less strong is} 38... Bxg2 39. Rhg1) (38... Rxg2 $19 {...Rb2 would now be deadly.} 39. Nc5 Bf3+ 40. Kh6 Kh8) 39. Nc5 $2 (39. Bh4 $17) 39... Bxg2 (39... Rxg2 $2 {too greedy.} 40. Nxe4 dxe4 41. Rxa7 $18) 40. Rhg1 $2 {[%emt 0:00:35] [#]} (40. Raf1 $19) 40... Bf3# {Weighted Error Value: White=0.61/Black=0.24 (precise)   Loses game:     	White=2     	---        Mistake:       	White=4     	Black=3      Inaccurate:     	White=3     	Black=2      OK:         	White=10    	Black=12     Best:        	White=4     	Black=2      Strong:       	---       	Black=1} 0-1